 Dungeon Crawl Stone Soup version 0.20-a0-2-g2b0e13a (webtiles) character file.

111262 poirepourri the Imperceptible (level 16, -11/75 HPs)
             Began as a Spriggan Enchanter on Oct 28, 2016.
             Was a High Priest of Ashenzari.
             Blown up by an orb spider (55 damage)
             ... with an orb of destruction
             ... on level 4 of the Spider Nest.
             The game lasted 01:13:03 (43092 turns).

poirepourri the Imperceptible (Spriggan Enchanter) Turns: 43092, Time: 01:13:03

Health: -11/75     AC:  8    Str:  4    XL:     16   Next: 9%
Magic:  29/36      EV: 32    Int: 19    God:    Ashenzari [*****.]
Gold:   1235       SH:  0    Dex: 24    Spells: 6 memorised, 28 levels left

rFire  + . .     SeeInvis +     i - +4 rapier (freeze) (curse)
rCold  . . .     Gourm    .     O - +2 robe {Archmagi} (curse)
rNeg   . . .     Faith    .     (shield restricted)
rPois  +         Spirit   .     W - +2 hat {SInv} (curse)
rElec  .         Reflect  .     t - +1 cloak (curse)
rCorr  .         Harm     .     (gloves unavailable)
MR     +++..     Clarity  +     (boots unavailable)
Stlth  ++++++++++               m - amulet of regeneration (curse)
                                y - ring of wizardry (curse)
                                T - ring "Nixt" {rPois rF+ MR+ Dex+3 Stlth+} (curse)

@: very quick
A: unfitting armour, see invisible, herbivore 3, speed 3, slow metabolism 2
a: Curse Item, Scrying, Transfer Knowledge, Renounce Religion


You were on level 4 of the Spider Nest.
You worshipped Ashenzari.
Ashenzari was extremely pleased with you.
You were completely stuffed.

You visited 5 branches of the dungeon, and saw 25 of its levels.

You collected 3135 gold pieces.
You spent 1900 gold pieces at shops.

Inventory:

Hand Weapons
 i - a cursed +4 rapier of freezing (weapon)
 n - a +0 blowgun
 w - a cursed -1 short sword
Missiles
 p - 100 poisoned needles
 B - 10 curare-tipped needles
Armour
 t - a cursed +1 cloak (worn)
 F - a +1 robe of cold resistance
 O - a cursed +2 robe of the Archmagi (worn)
 W - a cursed +2 hat of see invisible (worn)
Jewellery
 g - an uncursed ring of poison resistance
 l - an uncursed ring of ice
 m - a cursed amulet of regeneration (around neck)
 y - a cursed ring of wizardry (right hand)
 I - an uncursed amulet of faith
 J - a +3 ring of evasion
 K - the cursed ring of Qeezoul {rC++ AC+3}
   (You acquired it on level 6 of the Lair of Beasts)

   [ring of protection]

   It affects your AC (+3).
   It greatly protects you from cold.
   It has a curse placed upon it.
 M - an uncursed ring of wizardry
 N - an uncursed ring of protection from magic
 T - the cursed ring "Nixt" (left hand) {rPois rF+ MR+ Dex+3 Stlth+}
   (You bought it in a shop on level 2 of the Orcish Mines)

   [ring of poison resistance]

   It affects your dexterity (+3).
   It protects you from fire.
   It protects you from poison.
   It affects your resistance to hostile enchantments.
   It makes you more stealthy.
   It has a curse placed upon it.
 V - an uncursed ring of magical power
Wands
 a - a wand of lightning (13/15)
 b - a wand of polymorph (19/24)
 e - a wand of disintegration (24/24)
 C - a wand of digging (24/24)
 H - a wand of flame (33/48)
 Y - a wand of slowing (28/48)
 Z - a wand of iceblast (3/15)
Scrolls
 k - 6 scrolls of amnesia
 o - 2 scrolls of blinking
 s - 6 scrolls of teleportation
 u - 2 scrolls of fear
 v - a scroll of enchant armour
 G - 2 scrolls of remove curse
Potions
 f - 2 potions of might
 j - 5 potions of lignification
 q - 5 potions of agility
 r - 7 potions of flight
 x - 3 potions of mutation
 E - a potion of cure mutation
 P - 3 potions of berserk rage
 S - a potion of resistance
 U - 3 potions of haste
 X - 2 potions of heal wounds
Books
 c - a book of Maledictions

   Spells                             Type                      Level
   a - Corona                         Hexes                        1
   b - Ensorcelled Hibernation        Hexes/Ice                    2
   c - Confuse                        Hexes                        3
   d - Tukima's Dance                 Hexes                        3
   e - Dazzling Spray                 Conjuration/Hexes            3
 h - a book of Party Tricks

   Spells                             Type                      Level
   a - Summon Butterflies             Summoning                    1
   b - Apportation                    Translocation                1
   c - Lesser Beckoning               Translocation                3
   d - Tukima's Dance                 Hexes                        3
   e - Alistair's Intoxication        Transmutation/Poison         5
   f - Invisibility                   Hexes                        6
 A - a book of Geomancy

   Spells                             Type                      Level
   a - Sandblast                      Earth                        1
   b - Passwall                       Transmutation/Earth          2
   c - Stone Arrow                    Conjuration/Earth            3
   d - Petrify                        Transmutation/Earth          4
   e - Lee's Rapid Deconstruction     Earth                        5
 L - a book of Transfigurations

   Spells                             Type                      Level
   a - Irradiate                      Conjuration/Transmutation    5
   b - Statue Form                    Transmutation/Earth          6
   c - Hydra Form                     Transmutation                6
   d - Dragon Form                    Transmutation                7
 R - a book of Unlife

   Spells                             Type                      Level
   a - Recall                         Summoning/Translocation      3
   b - Animate Dead                   Necromancy                   4
   c - Control Undead                 Necromancy                   4
   d - Cigotuvi's Embrace             Necromancy                   5
   e - Death Channel                  Necromancy                   6
   f - Simulacrum                     Ice/Necromancy               6
Comestibles
 d - 7 bread rations
 z - a slice of pizza
 D - 2 royal jellies
 Q - 2 fruits


   Skills:
 + Level 4.9 Fighting
 + Level 11.0(14.7) Short Blades
 + Level 9.5(13.3) Dodging
 + Level 22.4(25.3) Stealth
 + Level 15.7 Spellcasting
 + Level 3.9(7.6) Conjurations
 + Level 15.6(19.0) Hexes
 - Level 6.1(10.1) Ice Magic


You had 28 spell levels left.
You knew the following spells:

 Your Spells              Type           Power        Failure   Level  Hunger
a - Corona                Hex            #######      0%          1    None
b - Ensorcelled Hibernat  Hex/Ice        ######       0%          2    None
c - Confuse               Hex            #######.     0%          3    None
d - Tukima's Dance        Hex            #######.     0%          3    None
e - Dazzling Spray        Conj/Hex       ######       1%          3    None
f - Invisibility          Hex            #######.     1%          6    #####..


Dungeon Overview and Level Annotations

Branches:
Dungeon (12/15)            Temple (1/1) D:6            Lair (6/6) D:11
  Swamp (0/4) Lair:2       Spider (4/4) Lair:4        Slime (0/5) Lair:5
    Orc (2/2) D:11            Elf (0/3) Orc:2

Altars:
Ashenzari
Cheibriados
Dithmenos
Elyvilon
Fedhas
Gozag
Hepliaklqana
Kikubaaqudgha
Makhleb
Nemelex Xobeh
Okawaru
Qazlal
Ru
Sif Muna
Trog
Uskayaw
Vehumet
Xom
Yredelemnul
Zin
The Shining One
Beogh
Jiyva

Shops:
D:5 *   D:9 %   D:11 :   Orc:2 *==(}

Portals:
Hell: Lair:6
Trove: D:11 (give 6 potions of agility)

Annotations:
Lair:5 exclusion: 2 oklob plants


Innate Abilities, Weirdness & Mutations

You are very small and have problems with some larger weapons.
You are too small for most types of armour.
You have supernaturally acute eyesight. (SInv)
You are a herbivore.
You cover ground extremely quickly.
You need consume almost no food.


Message History

Press: ? - help, Shift-Dir - straight line, f/p - orb spider
Aim: an orb spider (chance to defeat MR: 55%)
You feel a surge of power!
The orb spider resists with some effort.
The orb of destruction hits you!
The orb spider pulsates with a strange energy.
Casting: Ensorcelled Hibernation
Confirm with . or Enter, or press ? or * to list all spells.
Aiming: Ensorcelled Hibernation
Press: ? - help, Shift-Dir - straight line, f/p - orb spider
Aim: an orb spider (chance to defeat MR: 55%)
You feel a surge of power!
The orb spider looks drowsy...
The orb spider weaves a glowing orb of energy.
An orb of destruction comes into view.
The helpless orb spider fails to defend itself.
You spit the orb spider like a pig!!!!! You freeze the orb spider!!
You kill the orb spider!
The orb of destruction hits you!
Ouch! That really hurt!
You die...

#......§.^#.####
###^.#...#^## ##......####
####....^.##.##
#........^....###
#...^....#..^...##
#....#......#....######
#.....^...†..^........##
#...........@..........#
#^.....^#..§.#^.####...##
#..#...<..§..^[....##..^###
#...#.#..§...#^...^^##....##
#.......s§^<.#......##...^.##
#......#..##...#....#^..##^.#
#.............###........#..#
#..............###^..#...#...
#..............#######.#...^)


You could see an orb spider.

Vanquished Creatures
  Arachne (Spider:2)
  4 emperor scorpions
  A ghost moth (Spider:4)
  2 entropy weavers (Spider:1)
  A stone giant (Orc:1)
  A dire elephant (Lair:6)
  Fannar (D:10)
  A hell beast (Lair:6)
  11 hydras
  4 ogre magi (Orc:2)
  A death yak (Lair:2)
  Nergalle (D:11)
  Sonja (D:10)
  A wizard (Lair:6)
  21 hill giants
  2 deep elf magi (D:12)
  14 orb spiders
  2 orc sorcerers
  A necromancer (Lair:6)
  19 wolf spiders
  A moth of wrath (Spider:1)
  A cyclops (Orc:1)
  An ugly thing (D:11)
  6 elephants
  A manticore (D:11)
  6 black mambas
  A gargoyle (D:11)
  3 torpor snails
  5 orange demons (Lair:6)
  9 spiny frogs
  3 rime drakes
  3 komodo dragons
  10 demonic crawlers
  2 ice devils (Lair:6)
  A hellwing (Lair:6)
  23 jumping spiders
  2 polar bears (Lair:6)
  2 trolls
  2 red devils (Lair:6)
  A tyrant leech (Lair:2)
  17 two-headed ogres
  A slime creature (D:12)
  2 hornets
  4 blink frogs (Lair:3)
  6 dream sheep (Lair:4)
  7 hippogriffs
  15 tarantellas
  Sigmund (D:2)
  49 redbacks
  22 yaks
  A wraith (D:11)
  A vampire (D:11)
  5 wyverns
  Eustachio (D:5)
  A human (D:7)
  3 hogs (D:7)
  5 basilisks
  A hungry ghost (D:9)
  Grum (D:8)
  A steam dragon (D:11)
  3 vampire mosquitoes (D:11)
  8 wargs
  A swamp worm (Lair:2)
  12 water moccasins
  3 ice beasts
  6 porcupines
  15 orc warriors
  3 black bears
  2 sky beasts
  A phantom (D:7)
  A necrophage (D:8)
  41 ogres
  6 centaurs
  7 crocodiles
  9 wolves
  2 big kobolds
  18 bullfrogs
  A gnoll sergeant (D:5)
  4 wyvern skeletons
  2 scorpions
  11 wights
  2 howler monkeys
  5 electric eels
  2 centaur zombies
  5 crimson imps
  6 hounds
  A bullfrog zombie (D:10)
  Crazy Yiuf (D:5)
  5 bullfrog skeletons
  A gnoll shaman (Orc:1)
  20 orc priests
  2 jellies
  20 orc wizards
  3 centaur skeletons
  2 iguanas
  A polar bear simulacrum (Lair:6)
  7 worker ants
  A killer bee zombie (D:8)
  2 yak simulacra (Lair:6)
  8 wolf simulacra (Lair:6)
  2 hound zombies
  A howler monkey zombie (D:11)
  A worker ant zombie (D:7)
  4 gnolls (D:3)
  2 howler monkey skeletons
  10 adders
  12 white imps
  An adder zombie (D:6)
  2 worms (D:3)
  A dart slug (D:2)
  6 leopard geckos
  80 orcs
  A ball python (D:3)
  3 giant cockroaches
  6 goblins
  8 hobgoblins
  32 jackals
  4 quokkas
  8 bats
  6 frilled lizards
  12 kobolds
  A leopard gecko skeleton (D:4)
  A quokka skeleton (D:3)
  3 rats
774 creatures vanquished.

Vanquished Creatures (collateral kills)
  2 orc wizards (D:10)
  An orc (D:10)
3 creatures vanquished.

Vanquished Creatures (others)
  A jumping spider (Spider:4)
  A quokka (D:4)
  13 fungi
  A plant (Orc:1)
16 creatures vanquished.

Grand Total: 793 creatures vanquished

Notes
Turn   | Place    | Note
-------+----------+-------------------------------------------
     0 | D:1      | poirepourri the Spriggan Enchanter began the quest for the Orb.
     0 | D:1      | Reached XP level 1. HP: 9/9 MP: 5/5
   294 | D:1      | Reached XP level 2. HP: 13/13 MP: 6/6
  1100 | D:1      | Learned a level 2 spell: Ensorcelled Hibernation
  1183 | D:2      | Noticed Sigmund
  1189 | D:2      | Killed Sigmund
  1189 | D:2      | Reached skill level 6 in Stealth
  1189 | D:2      | Reached XP level 3. HP: 16/16 MP: 3/9
  1189 | D:2      | Reached XP level 4. HP: 21/21 MP: 3/10
  1189 | D:2      | Reached XP level 5. HP: 24/24 MP: 3/11
  1346 | D:2      | Learned a level 3 spell: Confuse
  1350 | D:2      | Learned a level 3 spell: Tukima's Dance
  1414 | D:2      | Found an ancient bone altar of Kikubaaqudgha.
  1652 | D:2      | Found a radiant altar of Vehumet.
  1652 | D:2      | Found an opulent altar of Gozag.
  3623 | D:3      | Reached XP level 6. HP: 29/29 MP: 9/12
  4010 | D:3      | Reached skill level 5 in Hexes
  4354 | D:4      | Reached skill level 7 in Stealth
  4527 | D:4      | Reached skill level 5 in Dodging
  4971 | D:4      | Reached XP level 7. HP: 32/32 MP: 14/14
  5099 | D:4      | Reached skill level 8 in Stealth
  5245 | D:4      | Found a white marble altar of Elyvilon.
  5605 | D:5      | Entered Level 5 of the Dungeon
  5666 | D:5      | Found Eduli's Assorted Antiques.
  5674 | D:5      | Reached skill level 5 in Spellcasting
  5674 | D:5      | Reached skill level 1 in Ice Magic
  5735 | D:5      | Learned a level 3 spell: Dazzling Spray
  5827 | D:5      | Noticed Eustachio
  5891 | D:4      | Reached skill level 9 in Stealth
  6372 | D:5      | Killed Eustachio
  6372 | D:5      | Reached XP level 8. HP: 37/37 MP: 11/17
  6677 | D:5      | Found an ancient bone altar of Kikubaaqudgha.
  6718 | D:5      | Reached skill level 10 in Stealth
  6877 | D:5      | Found a runed door.
  7297 | D:5      | Noticed Crazy Yiuf
  7301 | D:5      | Killed Crazy Yiuf
  7589 | D:6      | Reached skill level 1 in Fighting
  7615 | D:6      | Found a staircase to the Ecumenical Temple.
  7790 | Temple   | Entered the Ecumenical Temple
  8778 | D:6      | Reached skill level 11 in Stealth
  9020 | D:7      | Reached XP level 9. HP: 38/41 MP: 14/20
  9498 | D:7      | Found a basalt altar of Yredelemnul.
  9500 | D:7      | Found a shattered altar of Ashenzari.
  9558 | D:7      | Became a worshipper of Ashenzari the Shackled
  9934 | D:7      | Noticed a hill giant
 10454 | D:7      | Reached skill level 12 in Stealth
 10592 | D:7      | Reached skill level 5 in Short Blades
 10877 | D:7      | Killed a hill giant
 11172 | D:8      | Noticed Grum
 11222 | D:7      | Noticed a troll
 11229 | D:7      | Killed a troll
 11229 | D:7      | Reached XP level 10. HP: 41/46 MP: 12/23
 11646 | D:8      | Killed Grum
 12005 | D:8      | Reached skill level 13 in Stealth
 12778 | D:8      | Found a bloodstained altar of Trog.
 13404 | D:9      | Reached * piety under Ashenzari
 14122 | D:9      | Found Coplun's Food Shop.
 14143 | D:9      | Bought a royal jelly for 20 gold pieces
 14708 | D:9      | Reached skill level 1 in Conjurations
 15225 | D:10     | Entered Level 10 of the Dungeon
 15238 | D:10     | Noticed Sonja
 15242 | D:10     | Killed Sonja
 15242 | D:10     | Reached skill level 14 in Stealth
 15242 | D:10     | Reached XP level 11. HP: 51/51 MP: 25/25
 15292 | D:10     | Noticed a hill giant
 15310 | D:10     | Killed a hill giant
 15378 | D:10     | Noticed Fannar
 15400 | D:10     | Killed Fannar
 15400 | D:10     | Reached skill level 10 in Hexes
 15705 | D:10     | Reached skill level 10 in Spellcasting
 16768 | D:10     | Noticed a hill giant
 16819 | D:10     | Killed a hill giant
 17009 | D:11     | Noticed a hill giant
 17022 | D:11     | Killed a hill giant
 17022 | D:11     | Reached skill level 15 in Stealth
 17081 | D:11     | Found a portal to a secret trove of treasure.
 17108 | D:11     | Found a staircase to the Lair.
 17192 | D:11     | Reached ** piety under Ashenzari
 17229 | D:11     | Noticed a hill giant
 17235 | D:11     | Killed a hill giant
 17425 | D:11     | Noticed Nergalle
 17432 | D:11     | Found Foxzif's Book Shop.
 17925 | D:11     | Killed Nergalle
 18359 | D:11     | Bought a book of Party Tricks for 700 gold pieces
 18501 | D:11     | Noticed a hill giant
 18507 | D:11     | Killed a hill giant
 18510 | D:11     | Noticed a hill giant
 18516 | D:11     | Killed a hill giant
 18600 | D:11     | Noticed a red ugly thing
 18607 | D:11     | Killed a red ugly thing
 18607 | D:11     | Reached XP level 12. HP: 56/56 MP: 24/27
 18731 | D:11     | Found a roughly hewn altar of Beogh.
 18731 | D:11     | Found a staircase to the Orcish Mines.
 19928 | Lair:1   | Entered Level 1 of the Lair of Beasts
 20041 | Lair:1   | Reached skill level 16 in Stealth
 20912 | Lair:2   | Found a staircase to the Swamp.
 21379 | Lair:2   | Noticed a death yak
 21456 | Lair:2   | Killed a death yak
 21577 | Lair:2   | Reached *** piety under Ashenzari
 22384 | Lair:2   | Reached skill level 17 in Stealth
 23385 | Lair:3   | Noticed a seven-headed hydra
 23392 | Lair:3   | Killed a seven-headed hydra
 23424 | Lair:3   | Reached **** piety under Ashenzari
 23536 | Lair:3   | Reached skill level 5 in Ice Magic
 23885 | Lair:3   | Learned a level 6 spell: Invisibility
 23997 | Lair:4   | Found an ancient bone altar of Kikubaaqudgha.
 24043 | Lair:4   | Reached XP level 13. HP: 61/61 MP: 24/30
 24150 | Lair:4   | Gained mutation: You are clumsy. (Dex -2) [mutagenic glow]
 24407 | Lair:4   | Found a hole to the Spider Nest.
 24830 | Lair:4   | Reached ***** piety under Ashenzari
 25573 | Lair:5   | Found a viscous altar of Jiyva.
 25574 | Lair:5   | Found a staircase to the Slime Pits.
 25831 | Lair:5   | Reached skill level 18 in Stealth
 26256 | Lair:6   | Entered Level 6 of the Lair of Beasts
 26256 | Lair:6   | Found a hazy altar of Hepliaklqana.
 26808 | Lair:6   | Found a frozen archway.
 29960 | Lair:6   | Identified a scroll of acquirement
 29960 | Lair:6   | Identified the cursed ring of Qeezoul {rC++ AC+3} (You acquired it on level 6 of the Lair of Beasts)
 30088 | Lair:6   | Noticed a dire elephant
 30094 | Lair:6   | Killed a dire elephant
 30369 | Lair:6   | Reached XP level 14. HP: 64/66 MP: 23/32
 30414 | Lair:6   | Found a burning altar of Makhleb.
 30420 | Lair:6   | Found a gateway to Hell.
 30481 | Lair:6   | Reached skill level 19 in Stealth
 30948 | Orc:1    | Entered Level 1 of the Orcish Mines
 31099 | D:12     | Identified the +2 leather armour of Pandemonium {+Blink rPois Regen+}
 31617 | Orc:1    | Gained mutation: You are frail. (-10% HP) [mutagenic glow]
 31674 | Orc:1    | Gained mutation: You expend magic power (3 MP) to strengthen your wands. [mutagenic glow]
 32622 | Orc:1    | Identified the +4 spear of the Globe {freeze, rF- rC+ rN++}
 32622 | Orc:1    | Noticed a stone giant
 32642 | Orc:1    | Killed a stone giant
 32665 | Orc:1    | Reached skill level 20 in Stealth
 33336 | Orc:2    | Entered Level 2 of the Orcish Mines
 33577 | Orc:2    | Found a staircase to the Elven Halls.
 33961 | Orc:2    | Found Parocw's Quality Used Wands.
 34437 | Orc:2    | Reached skill level 10 in Short Blades
 34556 | Orc:2    | Found Xoath's Assorted Antiques.
 34556 | Orc:2    | Found Dimed's Jewellery Shoppe.
 34557 | Orc:2    | Found Sidinne's Jewellery Shoppe.
 34557 | Orc:2    | Found Sowuocs's Antique Weapon Boutique.
 35196 | Orc:1    | Lost mutation: You are frail. (-10% HP) [potion of cure mutation]
 35196 | Orc:1    | Lost mutation: You are clumsy. (Dex -2) [potion of cure mutation]
 35196 | Orc:1    | Lost mutation: You expend magic power (3 MP) to strengthen your wands. [potion of cure mutation]
 35569 | Orc:2    | Bought an uncursed amulet of the gourmand for 450 gold pieces
 35569 | Orc:2    | Bought the ring "Nixt" {rPois rF+ MR+ Dex+3 Stlth+} for 730 gold pieces
 36098 | Spider:1 | Entered Level 1 of the Spider Nest
 36709 | Spider:1 | Reached XP level 15. HP: 60/70 MP: 29/34
 36927 | Spider:1 | Identified the cursed +0 hand axe of the Rat {freeze, rN+ Int+6}
 37734 | Spider:1 | Identified the +2 scale mail of Dogmatism {+Fly Str+3}
 37806 | Spider:1 | Reached skill level 21 in Stealth
 39028 | Spider:2 | Reached skill level 15 in Spellcasting
 39231 | Spider:2 | Noticed Arachne
 39241 | Spider:2 | Killed Arachne
 39241 | Spider:2 | Reached skill level 15 in Hexes
 39252 | Spider:2 | Identified the +5 scale mail of Dishonesty {Int+6}
 39593 | Spider:3 | Identified the cursed +0 lajatang "Zaaruuc" {elec, rN+ Str+6}
 41805 | Spider:4 | Entered Level 4 of the Spider Nest
 41805 | Spider:4 | Noticed a ghost moth
 41806 | Spider:4 | Killed a ghost moth
 42072 | Spider:4 | Reached skill level 22 in Stealth
 42550 | Spider:4 | Reached XP level 16. HP: 75/75 MP: 33/36
 43092 | Spider:4 | Blown up by an orb spider

Vault maps used:
D:1:      roderic_crossed_star
D:2:      gammafunk_temple_overflow_wave, lemuel_round_altar, uniq_sigmund
D:3:      serial_undead, serial_undead_f, serial_undead_b, serial_undead_f,
          serial_undead_e, grunt_ministairs_2
D:4:      first_bread, elyvilon_altar_4
D:5:      serial_shops, nicolae_shop_statue_plus, basic_altar, sword_in_stone,
          uniq_crazy_yiuf_cottage
D:6:      st_stairs_5
D:7:      minitemple, grunt_livestock, eino_small_chamber_without_monster,
          kennysheep_nub
D:8:      kennysheep_spiral_hall, trog_ov_bears_minmay, uniq_grum
D:9:      serial_shops, shop
D:10:     serial_bayou_ford_a, kennysheep_cross_bottleneck, uniq_fannar,
          uniq_sonja
D:11:     lair_0_dummy, david_orc_5, enter_trove_6, serial_shops, shop_statue,
          uniq_nergalle
D:12:     minmay_tri_stars
Temple:   nicolae_temple_elliptical
Lair:2:   minmay_swamp_entry_worms, st_stairs_7, hangedman_lair_generics_rect,
          serial_bayou_shore_a, lemuel_fruit_fields, grunt_megastairs_4
Lair:4:   nicolae_spider_entry_tight_spaces, basic_altar,
          infiniplex_staircase_pool_2
Lair:5:   dpeg_slime_entry_enclosed_altar, dpeg_oklob_1,
          bh_autumn_forest_stairs, serial_bayou_shore_b
Lair:6:   evil_forest, basic_altar, portal_ice_cave_entry_imps,
          eino_house_with_fridge
Spider:2: uniq_arachne
Spider:4: grunt_spider_rune_circles
Orc:1:    giant_chief_lemuel
Orc:2:    st_orc_ogre_mass, nicolae_for_you_no_charge

Skill      XL: |  1  2  3  4  5  6  7  8  9 10 11 12 13 14 15 16 |
---------------+-------------------------------------------------+-----
Hexes          | 4 5 6 7 8 9 11 12 13 14 15 | 15.6
Spellcasting   | 3 4 5 6 8 9 10 12 13 14 15 | 15.7
Short Blades   | 2 4 5 6 7 8 9 10 11 | 11.0
Dodging        | 4 5 6 7 8 9 |  9.5
Stealth        | 6 7 9 11 12 14 15 17 18 20 22 | 22.4
Ice Magic      | 1 3 4 5 6 |  6.1
Fighting       | 1 2 3 4 |  4.9
Conjurations   | 1 2 3 |  3.9

Action                   |  1- 3 |  4- 6 |  7- 9 | 10-12 | 13-15 | 16-18 || total
-------------------------+-------+-------+-------+-------+-------+-------++-------
Melee: Dagger            |    85 |   146 |    26 |       |       |       ||   257
       Rapier            |       |       |   173 |   406 |   509 |    11 ||  1099
 Cast: Ensorcelled Hiber |     2 |    68 |    96 |   140 |   369 |    21 ||   696
       Confuse           |       |     8 |    26 |    70 |    49 |     3 ||   156
       Dazzling Spray    |       |       |    12 |    94 |   178 |     5 ||   289
       Invisibility      |       |       |       |     2 |     7 |       ||     9
Invok: Curse Item        |       |       |     3 |     4 |     2 |       ||     9
       Scrying           |       |       |       |       |     2 |       ||     2
  Use: Scroll            |     2 |     7 |     8 |    12 |    17 |       ||    46
       Potion            |       |     1 |     1 |     2 |     8 |       ||    12
 Stab: Sleeping          |     6 |    48 |    48 |   127 |   254 |     9 ||   492
       Confused          |       |     5 |    16 |    36 |    22 |       ||    79
       Invisible         |       |       |     2 |     4 |    16 |     1 ||    23
       Distracted        |       |       |       |     6 |     3 |       ||     9
  Eat: Bread ration      |       |     1 |     1 |     2 |     3 |     1 ||     8
       Pizza             |       |       |     1 |     4 |     2 |       ||     7
       Fruit             |       |       |       |       |     5 |       ||     5
Armor: Robe              |    12 |    20 |    17 |    31 |    43 |     2 ||   125
Dodge: Dodged            |    74 |   148 |   167 |   240 |   679 |    39 ||  1347
